 Dungeon Crawl Stone Soup version 0.21.1-1-g345015f (webtiles) character file.

424 Fortress the Shield-Bearer (level 6, 0/61 HPs)
             Began as a Troll Fighter on June 14, 2018.
             Slain by Pikel
             ... wielding a +0 whip of flaming
              (4 damage)
             ... on level 3 of the Dungeon.
             The game lasted 00:26:20 (2936 turns).

Fortress the Shield-Bearer (Troll Fighter)          Turns: 2936, Time: 00:26:22

Health: 0/61       AC:  5    Str: 25    XL:     6   Next: 64%
Magic:  5/5        EV:  9    Int:  4    God:
Gold:   122        SH: 10    Dex: 11    Spells: 5/5 levels left

rFire    . . .     SeeInvis .   w - +2 hand axe
rCold    . . .     Gourm    +   c - +1 shield
rNeg     . . .     Faith    .   b - +0 robe
rPois    .         Spirit   .   (helmet restricted)
rElec    .         Reflect  .   (no cloak)
rCorr    .         Harm     .   (gloves unavailable)
MR       .....                  (boots unavailable)
Stlth    +.........             (no amulet)
HPRegen  0.60/turn              (no ring)
MPRegen  0.09/turn              (no ring)

@: no status effects
A: large, unfitting armour, claws 3, fast metabolism 3, gourmand, regeneration
1, shaggy fur 1, tough skin 2
a: no special abilities


You were on level 3 of the Dungeon.
You were very full.

You visited 1 branch of the dungeon, and saw 4 of its levels.

You collected 122 gold pieces.

Inventory:

Hand Weapons
 a - a +0 flail
 l - a +5 battleaxe
 m - a cursed +3 halberd of freezing
 t - a +0 war axe
 w - a +2 hand axe (weapon)
Missiles
 e - 34 bolts
 h - 83 arrows
 j - 97 stones (quivered)
 o - 78 sling bullets
Armour
 b - a +0 robe (worn)
 c - a +1 shield (worn)
Scrolls
 r - 2 scrolls of fear {unknown}
 s - a scroll of fog {unknown}
 v - a scroll of teleportation {unknown}
Potions
 d - a potion of might
 g - a potion of lignification {unknown}
 i - 3 potions of agility
 k - 2 potions of brilliance
 n - a potion of heal wounds
 p - a potion of haste {unknown}
 q - 5 potions of curing {unknown}
 u - a potion of mutation {unknown}
Comestibles
 f - 9 rations


   Skills:
 + Level 3.3 Fighting
 * Level 2.1(2.8) Axes
 - Level 3.1(3.5) Maces & Flails
 + Level 3.4 Dodging
 - Level 0.1 Stealth
 + Level 3.8 Shields


You had 5 spell levels left.
You didn't know any spells.

Dungeon Overview and Level Annotations

Branches:
Dungeon (4/15)
 Temple: D:4-7

Altars:
Elyvilon
Okawaru

Annotations:
D:3 Pikel


Innate Abilities, Weirdness & Mutations

You are too large for most types of armour.
You have claws for hands.
Your metabolism is lightning-fast.
You like to eat raw meat.
Your natural rate of healing is unusually fast.
You are covered in fur. (AC +1)
You have very tough skin. (AC +2)


Message History

Pikel is almost dead.
You block Pikel's attack.
You closely miss Pikel.
Pikel is almost dead.
You block Pikel's attack. x2
You hit Pikel.
Pikel is almost dead.
You block Pikel's attack.
You completely miss Pikel.
Pikel is almost dead.
Pikel hits you with a whip of flaming.
* * * LOW HITPOINT WARNING * * *
Pikel burns you.
* * * LOW HITPOINT WARNING * * *
You barely miss Pikel.
Pikel is almost dead.
Pikel hits you with a whip of flaming!
* * * LOW HITPOINT WARNING * * *
Pikel burns you.
You die...

# #.# #..# #.##.#
########.####..###.##.#
...................##.#
#######.##............#
#.#.#.......#####
#..##.......#
#...........#
#..#.....[..#
##.##....[@K#
#.##....[..#
#.##.####### #####
#.##.# ....####.##.#
............#
#[#.####.#### #.#.# #.#
....# #.#


You could see Pikel.

Vanquished Creatures
  The ghost of meikai the Caller, an amateur GnSu (D:4)
  2 slaves
  4 wights
  4 adders
  2 oozes
  A worm (D:2)
  4 dart slugs
  5 leopard geckos
  2 orcs
  4 giant cockroaches
  9 goblins
  7 hobgoblins
  8 jackals
  3 bats
  5 frilled lizards
  12 kobolds
  8 rats
81 creatures vanquished.

Notes
Turn   | Place    | Note
-------+----------+-------------------------------------------
     0 | D:1      | Fortress the Troll Fighter began the quest for the Orb.
     0 | D:1      | Reached XP level 1. HP: 22/22 MP: 0/0
   178 | D:1      | Reached XP level 2. HP: 24/29 MP: 1/1
   483 | D:1      | Reached XP level 3. HP: 33/36 MP: 2/2
  1214 | D:2      | Reached XP level 4. HP: 44/44 MP: 3/3
  1720 | D:3      | Found an iron altar of Okawaru.
  2260 | D:4      | Noticed a slave
  2261 | D:4      | Noticed Pikel
  2261 | D:4      | Noticed a slave
  2262 | D:4      | Noticed a slave
  2580 | D:3      | Reached XP level 5. HP: 48/53 MP: 4/4
  2682 | D:4      | Reached skill level 1 in Axes
  2682 | D:4      | Reached XP level 6. HP: 61/61 MP: 5/5
  2689 | D:4      | Found a white marble altar of Elyvilon.
  2723 | D:4      | Noticed meikai's ghost (amateur GnSu)
  2776 | D:4      | Killed meikai's ghost
  2792 | D:4      | Noticed a slave
  2809 | D:4      | Killed a slave
  2851 | D:3      | Killed a slave
  2936 | D:3      | Slain by Pikel

Skill      XL: |  1  2  3  4  5  6 |
---------------+-------------------+-----
Maces & Flails | 2 3 |  3.1
Shields        | 3 |  3.8
Dodging        | 3 |  3.4
Fighting       | 3 |  3.3
Axes           | 1 2 |  2.1
Stealth        | |  0.1

Action                   |  1- 3 |  4- 6 || total
-------------------------+-------+-------++-------
Melee: Flail             |   160 |   120 ||   280
       Hand axe          |       |   142 ||   142
  Use: Scroll            |       |     4 ||     4
       Potion            |       |     1 ||     1
 Stab: Sleeping          |       |     1 ||     1
  Eat: Chunk             |    11 |    22 ||    33
Armor: Robe              |    44 |    71 ||   115
Dodge: Dodged            |    68 |    88 ||   156
Block: Shield            |    68 |   152 ||   220
